AoeStats
← Cheonma

Nomad

509203634Analyzed
4v4 RM · 6d ago on Sep 25, 2026· 47m 55s· 8 players
Game mode
Random Map
Map size
231×231
Population
200
Speed
Normal
Resources
Standard
Victory
Conquest
Starting age
Dark Age
Ending age
Imperial Age
RankedLock teamsTeams togetherTeam positionsShared explorationLock speedFull tech treeHidden civsTurbo modeCheats
Victory
Defeat
🇺🇸 Armenians · United States
1377
+14
🇧🇪 Vikings · Belgium
1324
+16
🇫🇷 Huns · France
1307
+17
🇺🇸 Hindustanis · United States
1297
+19
🇦🇷 Spanish · Argentina
1364
-18
🇦🇷 Saxons · Argentina
1355
-17
🇦🇷 Vietnamese · Argentina
1346
-17
🇦🇷 Goths · Argentina
1276
-14
RDA Lurchoton
7:09 Loom
13:52 Feudal Age
16:18 Double-Bit Axe
18:35 Castle Age
16:32 Stone Mining
19:36 Squires
19:37 Scale Mail Armor
20:20 Forging
20:06 Horse Collar
43:34 Wheelbarrow
42:47 Town Watch
44:04 Bow Saw
46:27 Heavy Plow
Rocker_
3:47 Loom
13:35 Feudal Age
17:32 Castle Age
16:35 Double-Bit Axe
18:59 Town Watch
20:06 Fishing Lines
22:21 Fletching
23:50 Horse Collar
25:58 Stone Mining
26:03 Gold Mining
29:24 Bow Saw
34:57 Bloodlines
35:31 Padded Archer Armor
37:40 Wheelbarrow
37:17 Husbandry
41:39 Imperial Age
40:09 Hand Cart
42:21 Leather Archer Armor
43:38 Elite Conquistador
45:51 Ring Archer Armor
Cheonma
15:03 Feudal Age
16:50 Loom
20:45 Castle Age
18:55 Fletching
21:00 Crossbowman
22:37 Double-Bit Axe
27:05 Horse Collar
32:28 Bodkin Arrow
34:43 Heavy Plow
34:36 Gold Mining
36:08 Thumb Ring
36:52 Wheelbarrow
38:23 Squires
38:29 Squires
37:49 Pikeman
40:23 Hand Cart
RDA Infernus
3:37 Loom
13:27 Feudal Age
14:14 Town Watch
17:38 Castle Age
15:30 Fletching
16:44 Double-Bit Axe
20:00 Wheelbarrow
19:48 Bow Saw
19:51 Bodkin Arrow
23:33 Careening
24:55 Horse Collar
25:38 Medium Warships
27:25 Ballistics
27:41 Heavy Plow
36:34 Imperial Age
34:36 Scale Mail Armor
34:46 Forging
35:03 Forging
38:20 Chain Mail Armor
41:11 Conscription
43:26 Plate Mail Armor
42:57 Bracer
44:11 Chemistry
46:29 Iron Casting
meh
5:41 Loom
13:14 Feudal Age
17:40 Castle Age
16:15 Fletching
17:53 Double-Bit Axe
18:37 Bodkin Arrow
19:20 Medium Warships
20:30 Fishing Lines
21:22 Town Watch
25:04 Bow Saw
24:52 Stone Mining
25:43 Gillnets
38:23 Padded Archer Armor
40:44 Leather Archer Armor
45:54 Ballistics
LanaAio
3:33 Loom
15:13 Feudal Age
21:04 Castle Age
19:14 Fishing Lines
19:49 Forging
19:33 Fletching
26:11 Man-at-Arms
26:53 Scale Mail Armor
26:56 Squires
27:24 Long Swordsman
29:38 Horse Collar
38:58 Gillnets
44:22 Imperial Age
44:29 Chain Mail Armor
44:29 Two-Handed Swordsman
45:20 Forging
45:11 Bodkin Arrow
45:56 Plate Mail Armor
45:15 Capped Ram
47:40 Iron Casting
Psychedelonaut
9:14 Loom
11:56 Loom
14:58 Feudal Age
18:56 Castle Age
21:12 Wheelbarrow
21:22 Forging
24:01 Hand Cart
23:32 Town Watch
24:15 Double-Bit Axe
27:05 Bloodlines
26:56 Husbandry
27:10 Bow Saw
33:35 Horse Collar
36:12 Marauders
37:20 Husbandry
37:28 Scale Barding Armor
38:32 Iron Casting
38:53 Chain Barding Armor
40:02 Heavy Plow
43:38 Imperial Age
41:53 Gold Mining
43:46 Elite Tarkan
44:52 Conscription
46:01 Blast Furnace
45:37 Plate Barding Armor
Embers1000
7:52 Loom
13:18 Feudal Age
13:52 Double-Bit Axe
18:44 Castle Age
18:56 Scale Barding Armor
23:30 Bloodlines
25:38 Bow Saw
29:56 Chain Barding Armor
30:45 Forging
31:18 Horse Collar
36:28 Wheelbarrow
37:10 Husbandry
41:29 Iron Casting
46:11 Hand Cart
Connection lost

Rejoining the realm…

Still unreachable

The connection could not be restored.

Session expired

The server has moved on; the page needs a fresh start.